 Dungeon Crawl Stone Soup version 0.21.1-1-g345015f (webtiles) character file.

54476 mallarch the Basher (level 14, -16/92 HPs)
             Began as a Gargoyle Gladiator on May 23, 2018.
             Was the Champion of Makhleb.
             Killed from afar by Azrael (34 damage)
             ... with a fireball
             ... on level 2 of the Orcish Mines on May 26, 2018.
             The game lasted 01:41:21 (24314 turns).

mallarch the Basher (Gargoyle Gladiator)           Turns: 24314, Time: 01:41:21

Health: -16/92     AC: 29    Str: 23      XL:     14   Next: 73%
Magic:  32/33      EV:  9    Int: 17      God:    Makhleb [******]
Gold:   814        SH: 11    Dex: 18 (19) Spells: 5/26 levels left

rFire    . . .     SeeInvis .   P - +2 whip (elec)
rCold    . . .     Gourm    .   u - +0 shield
rNeg     + + +     Faith    .   W - +0 pearl dragon scales
rPois    ∞         Spirit   .   c - +0 helmet
rElec    +         Reflect  .   w - +0 cloak
rCorr    .         Harm     .   O - +2 pair of gloves
MR       +....                  Y - +0 pair of boots
Stlth    ..........             p - amulet of regeneration
HPRegen  1.05/turn              j - ring "Naciw" {Wiz rElec rN+ Dex+4}
MPRegen  0.23/turn              M - ring "Xosi Vokk" {MP+9 Str+2 Int+6 Dex+4}

@: liquid flames, about to teleport, very slightly contaminated, glowing,
invisible (but backlit and visible)
A: big wings, deterioration 1, negative energy resistance 1, regeneration 1,
electricity resistance, wild magic 1, unbreathing, evolution 1, petrification
resistance, rot immunity, MP-powered wands, AC +10
a: Fly, Minor Destruction, Lesser Servant of Makhleb, Major Destruction, Greater
Servant of Makhleb, Renounce Religion


You were on level 2 of the Orcish Mines.
You worshipped Makhleb.
Makhleb was exalted by your worship.
You were not hungry.

You visited 3 branches of the dungeon, and saw 19 of its levels.
You also visited: Labyrinth.

You collected 2014 gold pieces.
You spent 1200 gold pieces at shops.

Inventory:

Hand Weapons
 P - a +2 whip of electrocution (weapon)
Missiles
 k - 565 stones
 G - 14 tomahawks (quivered)
 I - a throwing net
Armour
 c - a +0 helmet (worn)
 u - a +0 shield (worn)
 w - a +0 cloak (worn)
 O - a +2 pair of gloves (worn)
 W - +0 pearl dragon scales (worn)
 Y - a +0 pair of boots (worn)
Jewellery
 a - an uncursed ring of see invisible
 i - an uncursed ring of protection from magic
 j - the ring "Naciw" (left hand) {Wiz rElec rN+ Dex+4}
   (You found it on level 11 of the Dungeon)

   [ring of wizardry]

   It improves your spell success rate.
   It affects your dexterity (+4).
   It insulates you from electricity.
   It protects you from negative energy.
 m - an uncursed ring of protection from magic
 n - an uncursed ring of resist corrosion
 p - an amulet of regeneration (around neck)
 K - the ring of Gumozom {rF+ Stlth-}
   (You found it on level 6 of the Dungeon)

   [ring of loudness]

   It protects you from fire.
   It makes you less stealthy.
 M - the ring "Xosi Vokk" (right hand) {MP+9 Str+2 Int+6 Dex+4}
   (You found it in a labyrinth)

   [ring of magical power]

   It affects your strength (+2).
   It affects your intelligence (+6).
   It affects your dexterity (+4).
   It affects your magic capacity (+9).
Wands
 o - a wand of enslavement (11)
 H - a wand of polymorph (25)
 L - a wand of paralysis (20)
 N - a wand of disintegration (9)
 R - a wand of acid (10)
 Z - a wand of iceblast (10)
Scrolls
 b - a scroll of random uselessness {unknown}
 l - 4 scrolls of teleportation
 q - 6 scrolls of remove curse
 r - 4 scrolls of fog
 t - 4 scrolls of identify
 x - a scroll of fear
 z - a scroll of magic mapping
 D - a scroll of enchant armour
 J - 2 scrolls of immolation
 Q - 2 scrolls of amnesia
Potions
 e - 11 potions of curing
 g - 3 potions of agility
 h - 6 potions of haste
 s - 4 potions of mutation
 B - a potion of might
 X - 3 potions of brilliance
Books
 A - a book of Unlife

   Spells                             Type                      Level
   a - Recall                         Summoning/Translocation      3
   b - Animate Dead                   Necromancy                   4
   c - Borgnjor's Vile Clutch         Necromancy/Earth             5
   d - Death Channel                  Necromancy                   6
   e - Simulacrum                     Ice/Necromancy               6
 E - a book of Minor Magic

   Spells                             Type                      Level
   a - Magic Dart                     Conjuration                  1
   b - Blink                          Translocation                2
   c - Call Imp                       Summoning                    2
   d - Slow                           Hexes                        2
   e - Conjure Flame                  Conjuration/Fire             3
   f - Mephitic Cloud                 Conjuration/Poison/Air       3
 S - a book of Misfortune

   Spells                             Type                      Level
   a - Confusing Touch                Hexes                        1
   b - Confuse                        Hexes                        3
   c - Gell's Gravitas                Translocation                3
   d - Petrify                        Transmutation/Earth          4
   e - Metabolic Englaciation         Hexes/Ice                    5
   f - Yara's Violent Unravelling     Hexes/Transmutation          5
Miscellaneous
 U - a phantom mirror
 V - a lamp of fire
Comestibles
 f - 22 rations
 C - 10 chunks of flesh


   Skills:
 + Level 12.2 Fighting
 - Level 14.0 Maces & Flails
 - Level 3.0 Throwing
 + Level 4.1 Armour
 - Level 2.4 Dodging
 - Level 6.2 Shields
 - Level 6.7 Spellcasting
 + Level 8.0 Summonings
 - Level 2.5 Necromancy
 + Level 8.0 Air Magic
 - Level 6.0 Invocations
 - Level 3.0 Evocations


You had 5 spell levels left.
You knew the following spells:

 Your Spells              Type           Power        Failure   Level  Hunger
a - Summon Lightning Spi  Summ/Air       #####...     21%         4    ####...
b - Animate Dead          Necr           N/A          85%         4    ####...
c - Death Channel         Necr           ###.......   100%        6    #######
d - Borgnjor's Vile Clut  Necr/Erth      ##........   100%        5    #####..
e - Blink                 Tloc           N/A          58%         2    None


Dungeon Overview and Level Annotations

Branches:
Dungeon (11/15)            Temple (0/1) D:7            Lair (6/6) D:11
  Swamp (0/4) Lair:3       Spider (0/4) Lair:3        Slime (0/5) Lair:6
    Orc (2/2) D:9             Elf (0/3) Orc:2

Altars:
Dithmenos
Elyvilon
Makhleb
Nemelex Xobeh
Ru
Sif Muna
Trog
Uskayaw
Vehumet
Wu Jian

Shops:
D:9 =   Orc:2 [

Annotations:
D:9 exclusion: statue
Lair:6 exclusion: 5 oklob plants
Orc:2 Azrael


Innate Abilities, Weirdness & Mutations

You are resistant to torment.
Your stone body is resilient. (AC +10)
You are immune to poison.
Your large and strong wings let you fly indefinitely.
You resist negative energy. (rN+)
You are resistant to electric shocks. (rElec)
You can survive without breathing.
You are immune to petrification.
You are immune to rotting.
Your body sometimes deteriorates upon taking damage.
Your natural rate of healing is unusually fast.
Your spells are a little harder to cast, but a little more powerful.
You evolve.
You expend magic power (3 MP) to strengthen your wands.


Message History

As you read the scroll of teleportation, it crumbles to dust.
You feel strangely unstable.
You are covered in liquid flames!
* * * LOW HITPOINT WARNING * * *
The fire elemental hits your lightning spire.
The fire elemental burns your lightning spire!
Your lightning spire completely resists.
The hell hound bites you but does no damage.
You are covered in liquid flames!
* * * LOW HITPOINT WARNING * * *
The orc warrior shouts!
Your lightning spire shoots out a bolt of lightning at the fire elemental!
The bolt of electricity hits the fire elemental.
The fire elemental resists.
The fire elemental hits your lightning spire.
The fire elemental burns your lightning spire!
Your lightning spire completely resists.
Azrael gestures at you.
The fireball explodes!
The fireball engulfs you!
You die...

...........................#
...........................#
..#..........#............
...............∩........#
#.#.....#............)..#
#####..##.....[)....§)..#
####.......[...§E...#
#..o......hR8....#
#..#.....@....#..##
#....#...#..........#
.....##........#.##...#
................## #....
..........#.##.## ####
#........####### #.#..###
##... #.


You could see Azrael, a fire elemental, an orc warrior, a hell hound and a
friendly lightning spire.

Vanquished Creatures
  Snorg (Orc:2)
  The ghost of Heatsaber the Severer, a journeyman MiFi of Okawaru (Lair:1)
  A minotaur (Lab)
  A fire dragon (Lair:6)
  5 hydras
  Harold (D:11)
  6 two-headed ogres
  2 death yaks (Lair:3)
  3 orc high priests
  A fire crab (Lair:6)
  2 unseen horrors
  Pikel (D:7)
  2 lindwurms
  An orb spider (Lair:3)
  An oklob plant (Lair:5)
  An orc knight (Orc:1)
  4 elephants
  A deep elf mage (D:11)
  2 ugly things (D:11)
  The ghost of emiel the Chiller, a novice MfIE (D:7)
  8 black mambas
  A molten gargoyle (Lair:6)
  10 spiny frogs
  A rime drake (Lair:4)
  9 komodo dragons
  2 trolls
  A hornet (D:10)
  Grinder (D:5)
  2 polar bears
  9 hippogriffs
  7 blink frogs
  4 dream sheep (Lair:6)
  A wraith (D:10)
  7 wyverns
  10 yaks
  A fire elemental (Orc:2)
  3 basilisks (Lair:6)
  2 steam dragons
  A hungry ghost (D:10)
  An acid dragon (D:11)
  5 wargs
  6 hell hounds
  16 water moccasins
  14 porcupines
  2 black bears
  An eye of draining (D:10)
  10 orc warriors
  2 ice beasts
  A necrophage (D:10)
  4 sky beasts
  3 phantoms
  6 ogres
  24 wolves
  6 crocodiles
  6 centaurs
  5 big kobolds
  19 bullfrogs
  A gnoll sergeant (D:5)
  A water moccasin skeleton (D:10)
  8 scorpions
  13 wights
  4 electric eels (Lair:2)
  A howler monkey (D:6)
  2 crimson imps (D:9)
  The ghost of p0werm0de the Skirmisher, a weakling VSWn (D:3)
  2 bullfrog zombies
  A lava snake (Lair:6)
  3 jellies
  Crazy Yiuf (D:3)
  3 bullfrog skeletons
  9 orc priests
  2 centaur skeletons
  9 hounds
  3 iguanas
  17 orc wizards
  9 worker ants
  A hell rat (Lair:6)
  A killer bee zombie (D:7)
  A hound zombie (D:8)
  2 hound skeletons
  3 worker ant zombies
  5 gnolls
  15 adders
  9 river rats (D:6)
  A shadow imp (D:9)
  An adder zombie (D:8)
  4 worms
  A dart slug (D:1)
  7 leopard geckos
  58 orcs
  A ball python (D:3)
  6 giant cockroaches
  15 goblins
  11 hobgoblins
  6 jackals (D:3)
  8 quokkas
  7 bats
  7 frilled lizards
  31 kobolds
  A leopard gecko skeleton (D:5)
  21 rats
  A fungus (Lair:4)
563 creatures vanquished.

Vanquished Creatures (collateral kills)
  An orc high priest (Orc:1)
  2 orc sorcerers (Orc:2)
  3 oklob plants (Lair:5)
  An elephant (Lair:5)
  A molten gargoyle (Lair:6)
  A spiny frog (Lair:6)
  2 komodo dragons
  A troll (Orc:2)
  A dream sheep (Lair:6)
  A wyvern (Lair:6)
  A yak (Lair:6)
  2 basilisks
  A hell hound (Orc:2)
  A water moccasin (Lair:6)
  A porcupine (Lair:3)
  3 orc warriors
  2 wolves (Lair:6)
  4 lava snakes (Lair:6)
  5 orc priests
  4 orc wizards
  3 hell rats
  12 orcs
53 creatures vanquished.

Vanquished Creatures (others)
  A wizard (D:8)
  An orc priest (Orc:2)
  27 fungi
  14 plants
43 creatures vanquished.

Grand Total: 659 creatures vanquished

Notes
Turn   | Place    | Note
-------+----------+-------------------------------------------
     0 | D:1      | mallarch the Gargoyle Gladiator began the quest for the Orb.
     0 | D:1      | Reached XP level 1. HP: 12/12 MP: 1/1
   473 | D:1      | Reached XP level 2. HP: 18/18 MP: 2/2
  1102 | D:1      | Reached XP level 3. HP: 22/22 MP: 3/3
  1672 | D:2      | Reached skill level 4 in Maces & Flails
  1732 | D:2      | Reached XP level 4. HP: 24/27 MP: 4/4
  2548 | D:3      | Found an ornate altar of the Wu Jian Council.
  2694 | D:3      | Reached XP level 5. HP: 32/32 MP: 5/5
  2982 | D:3      | Found a runed door.
  3027 | D:3      | Noticed Crazy Yiuf
  3041 | D:3      | Killed Crazy Yiuf
  3077 | D:3      | Noticed p0werm0de's ghost (weakling VSWn)
  3086 | D:3      | Killed p0werm0de's ghost
  3086 | D:3      | Reached skill level 5 in Maces & Flails
  3362 | D:4      | Reached XP level 6. HP: 38/38 MP: 6/6
  3463 | D:4      | Found a sparkling altar of Nemelex Xobeh.
  3567 | D:4      | Noticed a phantom
  3586 | D:4      | Killed a phantom
  3602 | D:4      | Found a burning altar of Makhleb.
  3617 | D:4      | Became a worshipper of Makhleb the Destroyer
  3652 | D:4      | Reached skill level 6 in Maces & Flails
  3652 | D:4      | Reached XP level 7. HP: 43/44 MP: 7/7
  3997 | D:5      | Entered Level 5 of the Dungeon
  4021 | D:4      | Reached skill level 1 in Shields
  4096 | D:5      | Reached skill level 1 in Invocations
  4258 | D:5      | Noticed Grinder
  4269 | D:5      | Killed Grinder
  4269 | D:5      | Reached skill level 5 in Fighting
  4269 | D:5      | Reached XP level 8. HP: 44/49 MP: 9/9
  4548 | D:5      | Reached skill level 7 in Maces & Flails
  4564 | D:4      | Reached * piety under Makhleb
  5319 | D:6      | Found a shadowy altar of Dithmenos.
  5394 | D:6      | Got a warped brass ring
  5395 | D:6      | Identified the ring of Gumozom {rF+ Stlth-} (You found it on level 6 of the Dungeon)
  5669 | D:6      | Reached ** piety under Makhleb
  5797 | D:6      | Reached skill level 8 in Maces & Flails
  5797 | D:6      | Reached skill level 1 in Evocations
  5980 | D:6      | Found a shadowy altar of Dithmenos.
  5981 | D:6      | Found a bloodstained altar of Trog.
  5982 | D:6      | Found a hide-covered altar of Uskayaw.
  5982 | D:6      | Found a deep blue altar of Sif Muna.
  5983 | D:6      | Found a white marble altar of Elyvilon.
  6078 | D:7      | Found a staircase to the Ecumenical Temple.
  6086 | D:7      | Found a sacrificial altar of Ru.
  6099 | D:7      | Reached XP level 9. HP: 44/55 MP: 11/11
  6140 | D:7      | Noticed emiel's ghost (novice MfIE)
  6789 | D:7      | Noticed Pikel
  6805 | D:7      | Killed Pikel
  6805 | D:7      | Reached skill level 9 in Maces & Flails
  6896 | D:7      | Killed emiel's ghost
  7100 | D:8      | Noticed a two-headed ogre
  7100 | D:8      | Reached skill level 10 in Maces & Flails
  7386 | D:8      | Killed a two-headed ogre
  7386 | D:8      | Reached XP level 10. HP: 40/64 MP: 12/12
  7541 | D:8      | Reached skill level 11 in Maces & Flails
  7581 | D:8      | Found a bloodstained altar of Trog.
  7591 | D:8      | Noticed a wizard
  7594 | D:8      | Killed a wizard
  7738 | D:8      | Reached *** piety under Makhleb
  7741 | D:8      | Noticed a two-headed ogre
  7922 | D:8      | Killed a two-headed ogre
  8601 | D:9      | Found a staircase to the Orcish Mines.
  8696 | D:9      | Reached skill level 12 in Maces & Flails
  8717 | D:9      | Noticed a two-headed ogre
  8815 | D:9      | Killed a two-headed ogre
  8815 | D:9      | Reached XP level 11. HP: 56/72 MP: 13/13
  8881 | D:9      | Found a radiant altar of Vehumet.
  8919 | D:9      | Noticed a two-headed ogre
  9051 | D:9      | Reached **** piety under Makhleb
  9238 | D:9      | Reached skill level 10 in Fighting
  9783 | D:9      | Killed a two-headed ogre
  9861 | D:9      | Found Buod's Jewellery Emporium.
 10033 | D:10     | Entered Level 10 of the Dungeon
 10143 | D:10     | Noticed a two-headed ogre
 10153 | D:10     | Killed a two-headed ogre
 10153 | D:10     | Reached skill level 13 in Maces & Flails
 10450 | D:10     | Noticed an unseen horror
 10454 | D:10     | Killed an unseen horror
 10547 | D:10     | Reached ***** piety under Makhleb
 10754 | D:10     | Noticed a two-headed ogre
 10767 | D:10     | Killed a two-headed ogre
 11060 | D:11     | Noticed a deep elf mage
 11069 | D:10     | Reached skill level 5 in Invocations
 11157 | D:11     | Killed a deep elf mage
 11217 | D:11     | Got a smoking steel ring
 11266 | D:11     | Noticed a cyan ugly thing
 11297 | D:11     | Killed a cyan ugly thing
 11297 | D:11     | Reached XP level 12. HP: 58/80 MP: 16/16
 11564 | D:11     | Found a staircase to the Lair.
 11719 | D:11     | Reached skill level 14 in Maces & Flails
 11754 | D:11     | Noticed Harold
 12182 | D:11     | Reached skill level 1 in Armour
 12215 | D:11     | Identified the ring "Naciw" {Wiz rElec rN+ Dex+4} (You found it on level 11 of the Dungeon)
 12387 | D:11     | Killed Harold
 12558 | Lair:1   | Entered Level 1 of the Lair of Beasts
 12620 | Lair:1   | Reached skill level 5 in Shields
 13324 | Lair:1   | Learned a level 4 spell: Summon Lightning Spire
 13465 | Lair:1   | Reached skill level 1 in Summonings
 13465 | Lair:1   | Reached skill level 1 in Air Magic
 13473 | Lair:1   | Noticed Heatsaber's ghost (journeyman MiFi)
 13497 | Lair:1   | Killed Heatsaber's ghost
 13497 | Lair:1   | Reached skill level 1 in Spellcasting
 14675 | Lair:3   | Reached XP level 13. HP: 85/85 MP: 17/17
 14721 | Lair:3   | Found a staircase to the Swamp.
 15021 | Lair:3   | Found a hole to the Spider Nest.
 15405 | Lair:4   | Reached skill level 5 in Summonings
 15606 | Lair:4   | Found a labyrinth entrance.
 15616 | Lab      | Entered a labyrinth
 17647 | Lab      | Noticed a minotaur
 17656 | Lab      | Killed a minotaur
 17664 | Lab      | Got a wavering iron ring
 17677 | Lab      | Identified the ring "Xosi Vokk" {MP+9 Str+2 Int+6 Dex+4} (You found it in a labyrinth)
 18079 | Lair:4   | Reached skill level 5 in Air Magic
 19028 | Lair:5   | Got a faintly glowing quarterstaff
 19030 | Lair:5   | Identified the cursed +2 quarterstaff of Ucatweets {crush, *Contam rElec Dex+5 SInv} (You found it on level 5 of the Lair of Beasts)
 19423 | Lair:5   | Found the +4 arc blade {discharge, rElec}
 20129 | Lair:6   | Entered Level 6 of the Lair of Beasts
 20146 | Lair:6   | Reached skill level 5 in Spellcasting
 20309 | Lair:6   | Gained mutation: Your large and strong wings let you fly indefinitely. [Gargoyle growth]
 20309 | Lair:6   | Reached XP level 14. HP: 91/91 MP: 21/21
 20434 | Lair:6   | Reached ****** piety under Makhleb
 21624 | Lair:6   | Found a large runed door.
 21624 | Lair:6   | Found a large runed door.
 21904 | Lair:6   | Learned a level 4 spell: Animate Dead
 22273 | Lair:6   | Found a staircase to the Slime Pits.
 22548 | Orc:1    | Entered Level 1 of the Orcish Mines
 22562 | Orc:1    | Reached skill level 1 in Necromancy
 22793 | Orc:2    | Entered Level 2 of the Orcish Mines
 23110 | Orc:2    | Noticed Snorg
 23130 | Orc:2    | Killed Snorg
 23262 | Orc:2    | Found a staircase to the Elven Halls.
 23263 | Orc:2    | Found Jaegh's Armour Boutique.
 23272 | Orc:2    | Bought +0 pearl dragon scales for 1200 gold pieces
 23652 | Orc:1    | Learned a level 6 spell: Death Channel
 23658 | Orc:1    | Learned a level 5 spell: Borgnjor's Vile Clutch
 23661 | Orc:1    | Learned a level 2 spell: Blink
 23915 | Orc:2    | Gained mutation: You tend to lose your temper in combat. [a neqoxec]
 23917 | Orc:2    | Gained mutation: Scrolls take you a little longer to read. [a neqoxec]
 24121 | Orc:2    | Lost mutation: Scrolls take you a little longer to read. [potion of mutation]
 24121 | Orc:2    | Lost mutation: You tend to lose your temper in combat. [potion of mutation]
 24121 | Orc:2    | Gained mutation: Your spells are a little harder to cast, but a little more powerful. [potion of mutation]
 24121 | Orc:2    | Gained mutation: Your body sometimes deteriorates upon taking damage. [potion of mutation]
 24121 | Orc:2    | Gained mutation: You expend magic power (3 MP) to strengthen your wands. [potion of mutation]
 24121 | Orc:2    | Gained mutation: You evolve. [potion of mutation]
 24162 | Orc:2    | Gained mutation: Your natural rate of healing is unusually fast. [evolution]
 24302 | Orc:2    | Noticed Azrael
 24314 | Orc:2    | Killed from afar by Azrael

Skill      XL: |  1  2  3  4  5  6  7  8  9 10 11 12 13 14 |
---------------+-------------------------------------------+-----
Throwing       | 2 3 |  3.0
Maces & Flails | 4 5 6 8 10 12 13 14 | 14.0
Fighting       | 3 4 5 6 8 9 11 12 | 12.2
Shields        | 2 4 5 6 |  6.2
Invocations    | 2 3 5 6 |  6.0
Evocations     | 1 3 |  3.0
Armour         | 3 4 |  4.1
Summonings     | 4 7 8 |  8.0
Air Magic      | 3 6 8 |  8.0
Spellcasting   | 2 5 6 |  6.7
Necromancy     | 2 |  2.5
Dodging        | |  2.4

Action                   |  1- 3 |  4- 6 |  7- 9 | 10-12 | 13-15 || total
-------------------------+-------+-------+-------+-------+-------++-------
Melee: Flail             |   102 |   237 |   390 |       |       ||   729
       Mace              |       |       |    13 |       |       ||    13
       Whip              |       |       |    72 |  1312 |  1082 ||  2466
 Fire: Blowgun           |       |       |       |    15 |       ||    15
Throw: Throwing net      |       |       |       |     7 |     1 ||     8
       Tomahawk          |       |       |       |       |     5 ||     5
 Cast: Summon Lightning  |       |       |       |       |    74 ||    74
Invok: Lesser Servant of |       |       |       |       |     1 ||     1
Evoke: Wand              |       |       |       |     2 |     1 ||     3
       Lamp of fire      |       |       |       |       |     1 ||     1
  Use: Scroll            |       |     1 |     5 |     7 |    19 ||    32
       Potion            |       |       |       |       |     9 ||     9
 Stab: Invisible         |       |     3 |       |       |       ||     3
       Paralysed         |       |       |     1 |       |       ||     1
       Held in net/web   |       |       |       |     3 |       ||     3
       Sleeping          |       |       |       |     1 |       ||     1
       Distracted        |       |       |       |       |    10 ||    10
  Eat: Chunk             |     3 |     6 |    13 |    21 |    34 ||    77
       Ration            |       |       |       |     1 |     3 ||     4
Armor: Leather armour    |    11 |       |       |       |       ||    11
       Scale mail        |    35 |    24 |       |       |       ||    59
       Plate armour      |       |   165 |   355 |   439 |       ||   959
       Acid dragon scale |       |       |       |    63 |   408 ||   471
       Pearl dragon scal |       |       |       |       |    57 ||    57
       Fire dragon scale |       |       |       |       |    39 ||    39
Dodge: Dodged            |    52 |    81 |   153 |   210 |   322 ||   818
Block: Buckler           |       |     3 |    84 |   105 |       ||   192
       Shield            |       |       |       |   156 |   459 ||   615
